Map: Paisaje nocturno EE

Players

JOTASED - Winner!

  • Race: Protoss Protoss
  • Spawn Location: 7:00

Garham - Winner!

  • Race: Protoss Protoss
  • Spawn Location: 7:00

PernosticoDF

  • Race: Terran Terran
  • League: Platinum
  • Spawn Location: 1:00

Estrambolico

  • Race: Zerg Zerg
  • Spawn Location: 1:00

VOD

Have the link to the VOD?

Description

Time

  • Played on: Aug. 30, 2020, 12:25 a.m.
  • Length: 18:46
Show
View Real Time Build Order
Export as new Build Order

JOTASED Protoss - Winner!

Build Orders: 1 Gate Expand, Carriers 

Get SALT Encoding   

  12  0:04  Probe  
  13  0:19  Probe (Chrono Boost), Pylon  
  14  0:31  Probe (Chrono Boost)  
  15  0:35  Probe (Chrono Boost)  
  15  0:40  Gateway  
  16  0:46  Assimilator  
  16  0:48  Probe  
  17  1:01  Gateway  
  17  1:04  Probe (Chrono Boost)  
  18  1:16  Probe (Chrono Boost)  
  19  1:23  Probe (Chrono Boost)  
  20  1:39  Nexus  
  20  1:41  Probe  
  21  1:47  Assimilator  
  21  1:55  Zealot  
  23  2:06  Forge  
  23  2:11  Pylon  
  23  2:29  Probe, Zealot (Chrono Boost)  
  26  2:38  Cybernetics Core  
  26  2:47  Photon Cannon  
  26  2:55  Pylon  
  26  3:16  Probe x2  
  28  3:20  Warp Gate (Chrono Boost)  
  28  3:21  Stalker (Chrono Boost)  
  32  3:28  Probe, Stalker (Chrono Boost)  
  32  3:29  Probe  
  32  3:32  Gateway  
  32  4:03  Stalker (Chrono Boost)  
  32  4:04  Stalker (Chrono Boost)  
  36  4:11  Probe  
  36  4:12  Probe  
  36  4:14  Assimilator  
  38  4:18  Assimilator  
  38  4:20  Pylon  
  38  4:24  Probe  
  39  4:46  Stargate  
  39  4:49  Stargate  
  39  4:52  Pylon  
  39  5:00  Forge  
  39  5:04  Probe (Chrono Boost)  
  39  5:06  Pylon  
  41  5:07  Probe (Chrono Boost)  
  41  5:16  Probe (Chrono Boost), Stalker x2  
  41  5:20  Probe (Chrono Boost)  
  47  5:21  Probe (Chrono Boost)  
  47  5:28  Photon Cannon  
  48  5:29  Probe (Chrono Boost)  
  48  5:30  Probe (Chrono Boost)  
  48  5:31  Photon Cannon  
  48  5:35  Photon Cannon  
  50  5:41  Void Ray (Chrono Boost)  
  56  5:43  Probe (Chrono Boost)  
  56  5:46  Probe (Chrono Boost)  
  56  5:50  Protoss Shields Level 1  
  56  5:56  Probe  
  56  5:57  Probe  
  56  6:01  Void Ray (Chrono Boost)  
  58  6:08  Probe  
  58  6:09  Probe  
  64  6:16  Pylon  
  64  6:20  Probe  
  64  6:21  Probe  
  66  6:26  Pylon  
  66  6:34  Gateway  
  66  6:36  Pylon x2  
  66  6:37  Protoss Air Weapons Level 1 (Chrono Boost)  
  66  6:38  Probe x2  
  68  6:51  Void Ray (Chrono Boost)  
  68  6:53  Void Ray (Chrono Boost)  
  76  7:12  Nexus  
  76  7:16  Pylon  
  76  7:19  Pylon  
  76  7:22  Photon Cannon  
  76  7:23  Photon Cannon  
  76  7:25  Void Ray (Chrono Boost)  
  76  7:27  Photon Cannon  
  80  7:43  Photon Cannon  
  80  7:44  Photon Cannon  
  80  7:50  Photon Cannon  
  80  7:53  Assimilator  
  80  7:56  Assimilator  
  80  8:01  Stargate  
  80  8:04  Stargate  
  80  8:06  Probe x2  
  82  8:18  Probe  
  83  8:21  Robotics Facility  
  83  8:30  Probe (Chrono Boost)  
  86  8:35  Probe x2 (Chrono Boost)  
  86  8:41  Probe (Chrono Boost)  
  90  8:48  Probe x2 (Chrono Boost)  
  90  8:49  Probe (Chrono Boost)  
  90  8:53  Void Ray  
  90  8:54  Probe (Chrono Boost), Void Ray  
  93  8:56  Probe x2 (Chrono Boost)  
  101  9:06  Probe  
  101  9:08  Phoenix  
  104  9:17  Observer (Chrono Boost)  
  105  9:31  Void Ray x2  
  113  9:50  Photon Cannon  
  113  9:52  Photon Cannon  
  113  9:54  Nexus  
  113  9:58  Pylon  
  111  10:00  Pylon  
  110  10:41  Fleet Beacon  
  110  10:47  Pylon  
  110  10:48  Pylon  
  110  11:00  Nexus  
  110  11:02  Assimilator  
  110  11:04  Void Ray x4 (Chrono Boost)  
  110  11:06  Assimilator  
  110  11:10  Pylon  
  110  11:14  Pylon  
  110  11:18  Pylon  
  126  11:21  Pylon  
  126  11:26  Cybernetics Core  
  126  11:31  Twilight Council  
  126  11:34  Forge  
  126  11:36  Protoss Air Armor Level 1  
  126  12:03  Photon Cannon  
  126  12:05  Photon Cannon  
  126  12:06  Mothership (Chrono Boost)  
  126  12:07  Photon Cannon  
  126  12:09  Photon Cannon  
  137  12:19  Probe x2 (Chrono Boost)  
  137  12:20  Probe (Chrono Boost)  
  137  12:27  Probe, Carrier x2 (Chrono Boost)  
  137  12:28  Carrier x2 (Chrono Boost)  
  162  12:53  Stargate x2  
  162  12:55  Stargate  
  136  13:44  Carrier x3 (Chrono Boost)  
  122  13:54  Carrier (Chrono Boost)  
  118  14:09  Carrier x2 (Chrono Boost)  
  130  14:18  Unknown  
  130  15:02  Carrier x4  
  154  15:17  Probe  
  154  15:18  Probe x3  
  158  15:30  Probe  
  157  16:32  Carrier x6  
  199  16:33  Carrier  
  199  17:14  Nexus  
  199  17:18  Assimilator  
  199  17:22  Assimilator  
Show
View Real Time Build Order
Export as new Build Order

Garham Protoss - Winner!

Build Orders:  

Get SALT Encoding   

  12  0:01  Probe  
  13  0:27  Pylon  
  13  0:37  Probe (Chrono Boost)  
  14  0:47  Probe (Chrono Boost)  
  15  0:50  Gateway  
  15  1:00  Assimilator  
  15  1:09  Assimilator  
  15  1:18  Pylon  
  15  1:32  Pylon, Gateway  
  15  1:42  Assimilator  
  15  1:43  Probe (Chrono Boost)  
  16  1:47  Assimilator  
  16  1:53  Probe (Chrono Boost)  
  17  1:58  Probe (Chrono Boost)  
  17  1:59  Zealot  
  20  2:06  Forge  
  20  2:14  Cybernetics Core  
  20  2:22  Zealot  
  22  2:31  Pylon  
  22  2:51  Photon Cannon  
  22  3:08  Stalker x2  
  24  3:48  Warp Gate (Chrono Boost)  
  24  4:02  Stalker x2  
  28  4:26  Nexus  
  28  4:34  Assimilator  
  28  4:40  Assimilator  
  28  4:46  Probe (Chrono Boost)  
  29  4:56  Probe (Chrono Boost)  
  29  4:59  Pylon  
  30  5:00  Probe (Chrono Boost)  
  31  5:12  Probe  
  32  5:27  Protoss Ground Weapons Level 1 (Chrono Boost)  
  32  5:31  Gateway  
  32  5:39  Pylon  
  32  5:45  Probe (Chrono Boost)  
  33  5:55  Probe (Chrono Boost)  
  34  5:59  Photon Cannon  
  34  6:06  Probe  
  35  6:13  Probe  
  35  6:18  Probe  
  37  6:25  Probe  
  38  6:28  Pylon  
  38  6:37  Probe (Chrono Boost), Stalker  
  38  6:38  Stalker  
  43  6:40  Sentry  
  46  6:48  Probe (Chrono Boost)  
  46  6:49  Probe (Chrono Boost)  
  47  7:04  Shield Battery  
  47  7:06  Pylon  
  47  7:08  Probe  
  48  7:17  Twilight Council  
  48  7:20  Probe  
  49  7:24  Gateway  
  49  7:32  Probe  
  50  7:39  Photon Cannon  
  50  7:44  Probe  
  51  7:56  Probe  
  52  8:01  Stalker  
  52  8:02  Stalker x2  
  58  8:08  Probe  
  59  8:17  Charge (Chrono Boost), Shield Battery  
  59  8:19  Protoss Ground Armor Level 1 (Chrono Boost)  
  59  8:20  Probe  
  60  8:32  Probe (Chrono Boost)  
  61  8:34  Zealot x2  
  61  8:35  Zealot x2  
  69  8:45  Probe (Chrono Boost)  
  70  8:52  Probe (Chrono Boost)  
  71  8:57  Zealot x4  
  79  9:11  Robotics Facility  
  79  9:19  Photon Cannon  
  79  9:22  Photon Cannon  
  79  9:31  Photon Cannon  
  79  9:36  Pylon  
  79  9:40  Zealot x3  
  85  10:08  Observer  
  85  10:14  Protoss Ground Weapons Level 2  
  86  10:30  Observer  
  86  10:31  Zealot x3  
  93  10:44  Pylon  
  93  10:45  Pylon  
  93  10:48  Pylon  
  93  11:40  Nexus  
  93  11:42  Pylon  
  93  11:45  Pylon  
  93  11:49  Pylon, Stalker x4  
  101  12:02  Forge  
  101  12:10  Photon Cannon  
  101  12:14  Photon Cannon  
  101  12:17  Photon Cannon  
  101  12:25  Shield Battery  
  101  12:30  Shield Battery  
  101  12:32  Shield Battery  
  101  12:39  Pylon, Stalker x4  
  109  12:47  Protoss Ground Weapons Level 3 (Chrono Boost)  
  109  12:48  Protoss Ground Armor Level 2 (Chrono Boost)  
  109  13:18  Gateway  
  109  13:19  Gateway  
  109  13:20  Gateway  
  79  13:45  Zealot x4  
  57  14:07  Zealot x4  
  65  14:20  Pylon  
  65  14:21  Zealot x2, Pylon  
  69  14:25  Zealot  
  71  14:38  Zealot x2  
  73  14:39  Zealot  
  77  14:54  Zealot x2  
  77  14:56  Sentry  
  83  15:04  Probe (Chrono Boost)  
  84  15:12  Zealot  
  84  15:14  Probe (Chrono Boost)  
  87  15:19  Probe (Chrono Boost)  
  87  15:21  Zealot x6  
  100  15:44  Zealot x2  
  100  15:45  Zealot x5  
  100  15:49  Probe (Chrono Boost)  
  115  15:59  Probe (Chrono Boost)  
  116  16:04  Probe (Chrono Boost)  
  116  16:07  Zealot x2  
  116  16:08  Zealot x5  
  131  16:12  Pylon  
  131  16:16  Probe  
  132  16:34  Photon Cannon  
  132  16:38  Shield Battery  
  132  16:40  Shield Battery  
  132  16:48  Zealot  
  132  16:49  Zealot x2  
  138  17:04  Probe (Chrono Boost)  
  139  17:14  Probe (Chrono Boost)  
  140  17:19  Probe (Chrono Boost)  
  140  17:20  Zealot x5  
  140  17:21  Zealot x2  
  155  17:30  Probe  
  156  17:42  Probe  
  157  17:59  Zealot  
  157  18:00  Zealot x6  
  171  18:22  Nexus  
Show
View Real Time Build Order
Export as new Build Order

PernosticoDF Terran 

Build Orders:  

Get SALT Encoding   

  12  0:01  SCV  
  13  0:13  SCV  
  14  0:19  Supply Depot  
  14  0:27  Refinery  
  14  0:29  SCV  
  15  0:42  Barracks  
  15  0:48  SCV  
  16  1:06  SCV  
  17  1:15  Barracks  
  17  1:23  SCV  
  18  1:31  Reaper  
  19  1:38  Orbital Command  
  19  1:48  Supply Depot  
  19  2:04  Reaper  
  20  2:11  Reaper  
  21  2:22  Command Center  
  21  2:30  SCV  
  22  2:48  Barracks Tech Lab, Barracks Reactor  
  22  3:16  Marine  
  23  3:20  SCV  
  24  3:33  SCV  
  25  3:34  Marine  
  26  3:44  Marine x2  
  28  3:52  Marine  
  29  4:02  Marine  
  27  4:22  Command Center  
  26  4:26  Marauder, Marine x2  
  30  4:32  Refinery  
  30  4:36  Factory  
  30  4:37  Barracks  
  30  4:40  Barracks  
  30  4:44  Marine x2, Orbital Command  
  32  4:48  Marauder  
  34  4:54  Combat Shield  
  34  5:11  Marine  
  34  5:12  Marine x2  
  37  5:18  SCV x2  
  39  5:21  Factory Tech Lab  
  39  5:30  Marauder, SCV  
  39  5:34  SCV  
  43  5:35  Refinery  
  43  5:37  Orbital Command  
  44  5:42  SCV  
  44  5:44  Siege Tank  
  44  5:46  SCV  
  48  5:51  Marauder  
  50  6:05  Refinery  
  50  6:13  Stimpack, Marauder  
  52  6:20  SCV x3  
  52  6:25  Starport  
  55  6:37  Marine x3  
  58  6:43  SCV x3  
  61  6:51  Starport  
  61  6:55  Barracks Reactor x2  
  61  6:59  Supply Depot  
  61  7:00  Supply Depot  
  61  7:03  Factory Tech Lab  
  61  7:16  Cloaking Field  
  61  7:21  SCV x2, Marine x3, Banshee  
  61  7:22  Supply Depot  
  69  7:23  Supply Depot x2  
  69  7:33  Factory  
  69  7:36  Marine  
  70  7:39  Marauder  
  70  7:42  Banshee  
  75  7:50  Supply Depot  
  75  7:53  Concussive Shells  
  75  8:00  Marauder  
  77  8:07  Supply Depot x2  
  77  8:13  Banshee  
  77  8:18  Marine  
  81  8:22  Marauder  
  81  8:25  Banshee  
  86  8:27  Supply Depot  
  86  8:29  Supply Depot  
  86  8:32  Factory Tech Lab  
  86  8:38  Marine  
  86  8:39  Marine x3  
  90  8:43  Marauder  
  92  8:54  Armory  
  92  8:56  Engineering Bay  
  92  9:04  Marauder  
  92  9:06  Engineering Bay  
  92  9:08  Supply Depot  
  94  9:12  Marine x2  
  94  9:13  Marine x4  
  100  9:25  Marine  
  100  9:26  Terran Infantry Weapons Level 1  
  100  9:30  Marine  
  102  9:32  Supply Depot  
  102  9:43  Siege Tank  
  102  9:44  Factory Tech Lab  
  105  9:52  Terran Vehicle And Ship Armor Level 1  
  105  9:53  Terran Infantry Armor Level 1  
  105  9:55  Supply Depot  
  105  10:07  Marine x6  
  105  10:08  Marine  
  103  10:15  Siege Tank  
  103  10:18  Supply Depot  
  106  10:24  Marine  
  106  10:25  Marine, Siege Tank  
  111  10:33  Marauder, Marine  
  111  10:54  Marauder  
  113  11:12  Marine x3  
  113  11:13  Marine x3  
  113  11:16  Marauder  
  121  11:20  Starport Reactor  
  121  11:23  Starport Reactor  
  121  11:25  Missile Turret  
  121  11:30  Marine  
  122  11:34  Marine x4  
  122  11:35  Marine  
  122  11:36  Marine  
  128  11:45  Missile Turret  
  128  11:48  Marine  
  128  11:52  Terran Infantry Weapons Level 2, Marine  
  128  11:54  Terran Infantry Armor Level 2  
  130  11:55  Marauder  
  130  12:01  Medivac  
  134  12:02  Barracks  
  134  12:06  SCV x2, Missile Turret  
  136  12:26  Medivac x3, Missile Turret  
  142  12:31  Medivac  
  142  12:35  Marine x4  
  142  12:36  Marine x2  
  150  12:48  Missile Turret  
  150  12:50  Marine  
  151  12:53  Marine x4  
  155  13:03  Medivac x4  
  163  13:16  Supply Depot  
  156  13:33  Medivac  
  145  13:40  Supply Depot  
  125  13:49  Marine  
  125  13:50  Marine x6  
  113  14:07  Marine x5  
  113  14:08  Medivac x4, Marine x2  
  128  14:17  Terran Infantry Weapons Level 3  
  128  14:19  Terran Infantry Armor Level 3  
  128  14:25  Marine  
  128  14:31  Marine  
  128  14:32  Marine x5  
  128  14:38  Medivac  
  136  14:42  Marine  
  137  14:49  Marine  
  137  14:50  Marine x5  
  138  15:00  Marine  
  139  15:07  Marine x6  
  145  15:14  Barracks  
  145  15:15  Barracks  
  145  15:16  Barracks  
  145  15:18  Marine  
  144  15:33  Marine  
  144  15:34  Marine x3  
  148  15:48  Marine x3  
  151  15:51  Marine x2  
  151  15:52  Marine x2  
  127  16:11  Marine  
  127  16:12  Marine x3, Barracks Reactor  
  127  16:13  Barracks Reactor x2  
  131  16:24  Supply Depot  
  131  16:29  Supply Depot  
  131  16:30  Marine  
  131  16:31  Marine x4  
  136  16:37  Command Center  
  136  16:39  Barracks  
  136  16:44  Marine x2  
  138  16:48  Marine  
  138  16:49  Supply Depot  
  138  16:52  Supply Depot  
  95  17:35  Marine x3  
  95  17:36  Marine x10  
  71  17:53  Marine x7  
  71  17:57  Barracks Reactor  
  78  18:09  Marine x2  
  78  18:10  Marine x4  
  78  18:11  Marine x3  
Show
View Real Time Build Order
Export as new Build Order

Estrambolico Zerg 

Build Orders: Pool First 

Get SALT Encoding   

  12  0:03  Drone  
  13  0:26  Spawning Pool  
  12  0:29  Drone  
  13  0:37  Extractor  
  13  0:40  Overlord  
  12  1:24  Zergling x6  
  16  1:40  Zergling x2  
  16  1:57  Zergling x2  
  17  2:27  Zergling x6  
  20  2:30  Queen  
  22  2:42  Overlord  
  22  3:04  Zergling x2  
  22  3:05  Queen, Zergling x2  
  26  3:24  Metabolic Boost  
  26  3:41  Queen  
  26  3:47  Hatchery  
  27  3:50  Drone x3  
  30  4:10  Roach Warren  
  29  4:19  Queen, Spine Crawler  
  30  4:52  Spine Crawler  
  29  4:59  Queen  
  31  5:10  Roach  
  33  5:31  Zergling x2, Roach  
  33  5:32  Overlord x3  
  36  5:43  Lair  
  36  5:58  Drone x3  
  39  6:15  Zergling x2  
  40  6:19  Zergling x6  
  43  6:37  Drone x2  
  45  6:45  Spine Crawler  
  44  6:55  Roach x2  
  44  7:00  Drone x2  
  50  7:04  Queen  
  52  7:15  Roach  
  54  7:59  Drone x3  
  54  8:04  Extractor  
  56  8:19  Queen  
  58  8:25  Roach  
  60  8:50  Spine Crawler  
  59  8:58  Zergling x2  
  59  8:59  Overlord x2  
  60  9:16  Queen  
  60  9:20  Spore Crawler  
  61  9:28  Spore Crawler  
  60  9:45  Spore Crawler  
  59  9:52  Queen  
  59  9:58  Overlord x3  
  61  10:25  Hydralisk Den  
  61  10:28  Queen  
  60  10:29  Drone  
  60  10:30  Drone  
  64  10:57  Zergling x6  
  66  11:03  Queen  
  67  11:04  Drone x3  
  67  11:05  Overlord, Drone  
  67  11:06  Drone  
  74  11:35  Hydralisk  
  74  11:36  Hydralisk x3  
  82  11:46  Hydralisk x2  
  86  12:01  Drone x2  
  86  12:02  Drone  
  86  12:07  Spore Crawler  
  88  12:16  Hydralisk x3  
  88  12:22  Roach x3  
  100  12:24  Zergling x2  
  100  12:25  Zergling x4  
  101  13:22  Spore Crawler  
  101  13:25  Hydralisk x3  
  101  13:29  Hydralisk x3  
  101  13:32  Zergling x2  
  67  14:16  Hydralisk x3  
  73  14:20  Hydralisk x3  
  56  15:03  Hydralisk x3  
  56  15:06  Hydralisk x3  
  68  15:17  Extractor, Drone  
  56  15:37  Overseer  
  56  15:40  Overseer  
  56  15:42  Overseer  
  56  16:07  Hydralisk, Zergling x4  
  54  16:26  Hydralisk  
  54  16:32  Hydralisk  
  52  16:43  Hydralisk x2  
  52  16:44  Hydralisk  
  58  17:01  Hydralisk  
  48  17:52  Spire  
  48  17:54  Hydralisk x4  
  48  17:55  Hydralisk x2  
  59  18:01  Hydralisk x3  
  65  18:17  Spore Crawler  
  64  18:32  Extractor  
Tags
 
Add a new tag
Caveats
  • Supply blocks, unpowered buildings, or Contaminate may cause inaccurate times.
  • Supply counts are checked every 10 seconds.